 Dungeon Crawl Stone Soup version 0.20.0-15-g7f486f2 (webtiles) character file.

26 StormFighter the Sneak (level 2, 0/13 HPs)
             Began as a Spriggan Enchanter on June 16, 2017.
             Slain by a hobgoblin
             ... wielding a +0 club
              (5 damage)
             ... on level 2 of the Dungeon.
             The game lasted 00:03:02 (1517 turns).

StormFighter the Sneak (Spriggan Enchanter)         Turns: 1517, Time: 00:03:02

Health: 0/13       AC:  2    Str:  4    XL:     2   Next: 89%
Magic:  1/7        EV: 18    Int: 16    God:
Gold:   15         SH:  0    Dex: 16    Spells: 4/7 levels left

rFire    . . .     SeeInvis +   a - +1 dagger
rCold    . . .     Gourm    .   (shield restricted)
rNeg     . . .     Faith    .   b - +0 robe
rPois    .         Spirit   .   (helmet restricted)
rElec    .         Reflect  .   (no cloak)
rCorr    .         Harm     .   (gloves unavailable)
MR       .....                  (boots unavailable)
Stlth    +++.......             (no amulet)
Regen    0.1/turn               (no ring)
MPRegen  0.1/turn               (no ring)

@: very slightly contaminated, very quick
A: unfitting armour, see invisible, herbivore 3, speed 3, slow metabolism 2
a: no special abilities


You were on level 2 of the Dungeon.
You were not hungry.

You visited 1 branch of the dungeon, and saw 2 of its levels.

You collected 15 gold pieces.

Inventory:

Hand Weapons
 a - a +1 dagger (weapon)
Armour
 b - a +0 robe (worn)
Jewellery
 i - a +6 ring of slaying {unknown}
Scrolls
 e - 3 scrolls of identify {unknown}
 f - a scroll of random uselessness {unknown}
 l - a scroll of magic mapping {unknown}
 m - a scroll of fear {unknown}
 n - 3 scrolls of enchant weapon {unknown}
Potions
 g - a potion of berserk rage {unknown}
 h - 2 potions of mutation {unknown}
 j - 2 potions of curing {unknown}
Books
 c - a book of Maledictions

   Spells                             Type                      Level
   a - Corona                         Hexes                        1
   b - Ensorcelled Hibernation        Hexes/Ice                    2
   c - Confuse                        Hexes                        3
   d - Tukima's Dance                 Hexes                        3
   e - Dazzling Spray                 Conjuration/Hexes            3
Comestibles
 d - a bread ration
 k - a royal jelly


   Skills:
 - Level 1.1 Short Blades
 - Level 3.0 Dodging
 + Level 4.7 Stealth
 * Level 3.1 Spellcasting
 * Level 4.4 Hexes


You had 4 spell levels left.
You knew the following spells:

 Your Spells              Type           Power        Failure   Level  Hunger
a - Corona                Hex            ###....      3%          1    None
b - Ensorcelled Hibernat  Hex/Ice        #.....       11%         2    ##.....


Dungeon Overview and Level Annotations

Branches:
Dungeon (2/15)

Altars:


Innate Abilities, Weirdness & Mutations

You are very small and have problems with some larger weapons.
You are too small for most types of armour.
You have supernaturally acute eyesight. (SInv)
You are a herbivore.
You cover ground extremely quickly.
You need consume almost no food.


Message History

The hobgoblin is moderately wounded.
The hobgoblin completely misses you.
You hit the hobgoblin.
The hobgoblin is heavily wounded.
The hobgoblin barely misses you.
You barely miss the hobgoblin.
The hobgoblin is heavily wounded.
The hobgoblin hits you but does no damage.
You hit the hobgoblin but do no damage.
The hobgoblin is heavily wounded.
The hobgoblin barely misses you.
You barely miss the hobgoblin.
The hobgoblin is heavily wounded.
The hobgoblin hits you with a club.
You hit the hobgoblin.
The hobgoblin is almost dead.
You hit the hobgoblin but do no damage.
The hobgoblin is almost dead.
The hobgoblin stops glowing.
The hobgoblin hits you with a club.
You die...

.. #.. #.. ..##
##.# ...#
#..###..#
#......## .
###...>..#.## .###
#=....g#....#
.....#....@.......
.###.........###.#
...............#
...........###.#
.....#.....# ..
.###........# ..
########... . #...
##..


You could see a hobgoblin.

Vanquished Creatures
  7 bats
  2 goblins (D:1)
  2 hobgoblins (D:1)
  3 frilled lizards (D:1)
  5 kobolds (D:1)
  7 rats (D:1)
26 creatures vanquished.

Notes
Turn   | Place    | Note
-------+----------+-------------------------------------------
     0 | D:1      | StormFighter the Spriggan Enchanter began the quest for the Orb.
     0 | D:1      | Reached XP level 1. HP: 9/9 MP: 5/5
   323 | D:1      | Reached XP level 2. HP: 9/13 MP: 2/7
   724 | D:1      | Learned a level 2 spell: Ensorcelled Hibernation
  1517 | D:2      | Slain by a hobgoblin

Skill      XL: |  1 |
---------------+----+-----
Spellcasting   | 3 |  3.1
Hexes          | 4 |  4.4
Short Blades   | |  1.1
Dodging        | |  3.0
Stealth        | |  4.7

Action                   || total
-------------------------++-------
Melee: Dagger            ||   108
 Cast: Corona            ||    18
       Ensorcelled Hiber ||     9
 Stab: Sleeping          ||     9
Armor: Robe              ||     9
Dodge: Dodged            ||   121
